 Dungeon Crawl Stone Soup version 0.28.0-53-g5a82cb258f (webtiles) character file.

Game seed: 15232209157547513048

406603 quokkamancerX the Drop of Water (level 23, -9/168 (182) HPs)
             Began as a Gnoll Summoner on June 11, 2022.
             Was the Champion of Ru.
             Shot with an arrow by a ghostly deep elf master archer (39 damage)
             ... on level 3 of the Elven Halls on June 15, 2022.
             The game lasted 08:01:13 (90623 turns).

quokkamancerX the Drop of Water (Gnoll Summoner)   Turns: 90623, Time: 08:01:14

HP:   -9/168 (182)  AC: 11    Str:  8    XL:     23   Next: 41%
MP:   51/62         EV: 20    Int: 39    God:    Ru [******]
Gold: 1894          SH:  0    Dex: 14    Spells: 9/54 levels left

rFire   + + +      SeeInvis +   a - +6 dagger of the Lurker {speed, Fragile Str+3 Int+5}
rCold   + . .      Faith    .   (shield unavailable)
rNeg    . . .      Spirit   .   e - +2 robe {Will+}
rPois   +          Reflect  .   E - +3 hat of Pondering {ponderous, Will+ MP+10 Int+5}
rElec   +          Harm     .   j - +1 cloak {rPois}
rCorr   .          Rampage  .   u - +2 pair of gloves
Will    +++..                   F - +2 pair of boots of the Midnight Sun {rElec SInv}
Stlth   +++++++...              J - amulet of Greed {RegenMP rC+ Stlth+}
HPRegen 0.38/turn               (ring unavailable)
MPRegen 0.78/turn               m - ring of the Sturgeon {Fly rF+++ MP+9 Str-2 Int+6}

@: unable to drink, corroded, flying, drained, slow
A: fangs 1, weak 1, inability to drink while threatened, missing a hand,
inability to train armour, missing an eye, strong nose, distributed training
}: 2/15 runes: serpentine, barnacled
a: Renounce Religion, Draw Out Power, Power Leap, Apocalypse


You were on level 3 of the Elven Halls.
You worshipped Ru.
Ru was exalted by your worship.
You visited 7 branches of the dungeon, and saw 38 of its levels.
You visited 1 bazaar.
You also visited: Bailey, Ice Cave and Desolation.

You collected 5762 gold pieces.
You spent 3868 gold pieces at shops.

Inventory:

Hand Weapons
 a - the +6 dagger of the Lurker (weapon) {speed, Fragile Str+3 Int+5}
   (You found it on level 6 of the Lair of Beasts)

   Attacks with this weapon are significantly faster.
   Str:       It affects your strength (+3).
   Int:       It affects your intelligence (+5).
   Fragile:   It will be destroyed if unequipped.
 f - a +9 demon whip of electrocution
Missiles
 g - 24 silver javelins
 O - 9 throwing nets
Armour
 e - a +2 robe of willpower (worn)
 j - a +1 cloak of poison resistance (worn)
 u - a +2 pair of gloves (worn)
 E - the +3 hat of Pondering (worn) {ponderous, Will+ MP+10 Int+5}
   (You found it in the Desolation of Salt)

   Int:       It affects your intelligence (+5).
   MP:        It affects your magic capacity (+10).
   Will:      It increases your willpower.
 F - the +2 pair of boots of the Midnight Sun (worn) {rElec SInv}
   (You found it on level 5 of the Lair of Beasts)

   rElec:     It insulates you from electricity.
   SInv:      It lets you see invisible.
Jewellery
 m - the ring of the Sturgeon (right hand) {Fly rF+++ MP+9 Str-2 Int+6}
   (You found it in the Desolation of Salt)

   [ring of magical power]

   Str:       It affects your strength (-2).
   Int:       It affects your intelligence (+6).
   rF:        It renders you almost immune to fire.
   MP:        It affects your magic capacity (+9).
   Fly:       It grants you flight.
 I - a ring of poison resistance
 J - the amulet of Greed (around neck) {RegenMP rC+ Stlth+}
   (You bought it in a shop on level 2 of the Orcish Mines)

   [amulet of magic regeneration]

   It increases your rate of magic regeneration.
   rC:        It protects you from cold.
   Stlth:     It makes you more stealthy.
Wands
 t - a wand of mindburst (4)
 y - a wand of iceblast (12)
 z - a wand of paralysis (5)
 G - a wand of polymorph (24)
 L - a wand of charming (14)
 R - a wand of flame (52)
 S - a wand of acid (4)
Scrolls
 d - 4 scrolls of vulnerability
 r - 3 scrolls of amnesia
 v - 6 scrolls of teleportation
 B - 2 scrolls of summoning
 M - 7 scrolls of fog
 U - 3 scrolls of magic mapping
 V - 2 scrolls of fear
 X - a scroll of immolation
Potions
 c - 8 potions of heal wounds
 h - 5 potions of mutation
 k - 11 potions of curing
 l - 5 potions of ambrosia
 n - 3 potions of magic
 q - 7 potions of haste
 C - 3 potions of brilliance
 D - 4 potions of resistance
 K - 5 potions of attraction
 T - 3 potions of cancellation
 Y - 4 potions of invisibility
Miscellaneous
 b - a phantom mirror
 o - a phial of floods
 P - a box of beasts


   Skills:
 + Level 15.4 Fighting
 + Level 15.4 Short Blades
 + Level 15.4 Long Blades
 + Level 15.4 Axes
 + Level 15.4 Maces & Flails
 + Level 15.4 Polearms
 + Level 15.4 Staves
 + Level 15.4 Slings
   Level 0.0 Bows
 + Level 15.4 Crossbows
 + Level 15.4 Throwing
   Level 0.0 Armour
 + Level 16.0 Dodging
 + Level 16.0 Stealth
   Level 0.0 Shields
 + Level 15.4 Unarmed Combat
 + Level 16.2 Spellcasting
 + Level 13.1 Conjurations
 + Level 13.1 Hexes
 + Level 14.8 Summonings
 + Level 13.1 Necromancy
 + Level 13.1 Translocations
 + Level 13.1 Transmutations
 + Level 13.1 Fire Magic
 + Level 13.1 Ice Magic
 + Level 13.1 Air Magic
 + Level 13.1 Earth Magic
 + Level 13.1 Poison Magic
 + Level 16.7 Invocations
 + Level 15.4 Evocations


You had 9 spell levels left.
You knew the following spells:

 Your Spells              Type           Power      Damage    Failure   Level
a - Summon Ice Beast      Ice/Summ       96%        N/A       1%          4
b - Call Canine Familiar  Summ           98%        N/A       0%          3
c - Fireball              Conj/Fire      47%        3d19      1%          5
d - Summon Guardian Gole  Hex/Summ       96%        N/A       0%          3
e - Summon Lightning Spi  Summ/Air       96%        N/A       1%          4
f - Olgreb's Toxic Radia  Pois           94%        N/A       1%          4
g - Ignite Poison         Fire/Tmut/Pois 94%        N/A       0%          3
h - Malign Gateway        Summ/Tloc      48%        N/A       2%          7
i - Call Imp              Summ           98%        N/A       0%          2
j - Passwall              Tmut/Erth      78%        N/A       0%          2
k - Summon Hydra          Summ           49%        N/A       1%          7
l - Summon Small Mammal   Summ           100%       N/A       0%          1

Your spell library contained the following spells:

 Spells                   Type           Power      Damage    Failure   Level
 Beastly Appendage        Tmut           100%       N/A       0%          1
 Magic Dart               Conj           100%       1d8       0%          1
 Pain                     Necr           100%       1d9       0%          1
 Sting                    Tmut/Pois      100%       1d8       0%          1
 Blink                    Tloc           100%       N/A       0%          2
 Corpse Rot               Necr/Air       100%       N/A       0%          2
 Ensorcelled Hibernation  Hex/Ice        100%       N/A       0%          2
 Poisonous Vapours        Pois/Air       100%       N/A       0%          2
 Searing Ray              Conj           100%       2d8       0%          2
 Sublimation of Blood     Necr           94%        N/A       0%          2
 Wereblood                Tmut           94%        N/A       0%          2
 Confusing Touch          Hex            94%        N/A       0%          3
 Conjure Flame            Conj/Fire      94%        6-21      0%          3
 Frozen Ramparts          Ice            100%       1d12      0%          3
 Gell's Gravitas          Tloc           94%        N/A       0%          3
 Lesser Beckoning         Tloc           94%        N/A       0%          3
 Ozocubu's Armour         Ice            94%        N/A       0%          3
 Spider Form              Tmut/Pois      94%        N/A       0%          3
 Swiftness                Air            94%        N/A       0%          3
 Teleport Other           Tloc           94%        N/A       0%          3
 Anguish                  Hex/Necr       47%        N/A       1%          4
 Fulminant Prism          Conj/Hex       47%        3d21      1%          4
 Hailstorm                Conj/Ice       94%        3d19      1%          4
 Ice Form                 Ice/Tmut       94%        N/A       1%          4
 Leda's Liquefaction      Hex/Erth       47%        N/A       1%          4
 Sticky Flame             Conj/Fire      94%        2d10      1%          4
 Agony                    Necr           94%        N/A       1%          5
 Borgnjor's Vile Clutch   Necr/Erth      47%        N/A       1%          5
 Excruciating Wounds      Necr           47%        N/A       1%          5
 Freezing Cloud           Conj/Ice/Air   47%        6-21      1%          5
 Iskenderun's Battlesphe  Conj           94%        2d14      1%          5
 Manifold Assault         Tloc           94%        N/A       1%          5
 Metabolic Englaciation   Hex/Ice        47%        N/A       1%          5
 Yara's Violent Unravell  Hex/Tmut       47%        3d18      1%          5
 Conjure Ball Lightning   Conj/Air       47%        3x3d16    1%          6
 Dispersal                Tloc           47%        N/A       1%          6
 Iron Shot                Conj/Erth      47%        9d9       1%          6
 Simulacrum               Ice/Necr       47%        N/A       1%          6
 Spellforged Servitor     Conj/Summ      48%        N/A       2%          7
 Enfeeble                 Hex            47%        N/A       3%          7
 Orb of Destruction       Conj           47%        9d12      3%          7
 Ozocubu's Refrigeration  Ice            47%        4d14      3%          7
 Storm Form               Tmut/Air       47%        N/A       3%          7
 Summon Horrible Things   Summ           49%        N/A       16%         8
 Borgnjor's Revivificati  Necr           47%        N/A       30%         8
 Disjunction              Tloc           47%        N/A       30%         8
 Lehudib's Crystal Spear  Conj/Erth      47%        10d11     30%         8
 Maxwell's Capacitive Co  Air            47%        ∞         30%         8
 Polar Vortex             Ice            47%        N/A       99%         9


Dungeon Overview and Level Annotations

Branches:
Dungeon (15/15)            Temple (0/1) D:5            Lair (6/6) D:11
 Shoals (4/4) Lair:2        Snake (4/4) Lair:3        Slime (0/5) Lair:6
    Orc (2/2) D:11            Elf (3/3) Orc:2        Vaults (4/5) D:14
  Crypt (0/3) Vaults:3     Depths (0/4) D:15         Bailey (visited)
  IceCv (visited)         Desolation (visited)

Altars:
Elyvilon
Fedhas
Gozag
Okawaru
Ru
Zin
The Shining One
Beogh
Jiyva
Lugonu

Shops:
D:3 =!   D:5 *   Orc:1 (:   Orc:2 :*=[   Elf:1 **!=*[=!(   Shoals:4 *
Snake:2 [   Snake:3 !:=:=

Portals:
Abyss: Lair:6
Trove: D:14 (give 12 potions of heal wounds)

Annotations:
D:1 exclusion: downstairs
D:5 3 runed translucent doors, trickyswaf's ghost, novice MiFi
D:7 2 transporters
Elf:2 3 runed translucent doors
Vaults:1 2 transporters, Faydane's ghost, veteran HuFi


Innate Abilities, Weirdness & Mutations

You have very sharp teeth.
You are weak. (Str -2)
You sometimes lose the ability to drink potions when taking damage.
You are missing a hand.
You cannot train Armour skill.
You are missing an eye, making it more difficult to aim.
Your uncanny sense of smell can sniff out nearby items.
Your experience applies equally to all skills.


Message History

Your eight-headed hydra barely misses the ghostly deep elf sorcerer.
Your eight-headed hydra bites the ghostly deep elf sorcerer.
Your eight-headed hydra barely misses the ghostly deep elf sorcerer.
Your eight-headed hydra bites the ghostly deep elf sorcerer!
Your eight-headed hydra barely misses the ghostly deep elf sorcerer.
Your eight-headed hydra closely misses the ghostly deep elf sorcerer.
You hear a loud twanging sound.
An arrow appears from out of your range of vision.
The arrow hits your eight-headed hydra!!
Your eight-headed hydra dies!
Your eight-headed hydra's corpse disappears in a puff of smoke!
A deep elf sorcerer comes into view. It is wielding a +0 long sword.
The ghostly deep elf sorcerer hits your six-headed hydra with a +2 great sword of holy wrath!
Something hits your eldritch tentacle segment but does no damage.
Your six-headed hydra barely misses the ghostly deep elf sorcerer.
Your six-headed hydra bites the ghostly deep elf sorcerer!
Your six-headed hydra barely misses the ghostly deep elf sorcerer.
Your six-headed hydra bites the ghostly deep elf sorcerer.
Your six-headed hydra bites the ghostly deep elf sorcerer but does no damage.
Your six-headed hydra closely misses the ghostly deep elf sorcerer.
The ghostly deep elf sorcerer hits your six-headed hydra with a +2 great sword of holy wrath!!
You redirect the deep elf sorcerer's attack!
Your six-headed hydra bites the ghostly deep elf sorcerer!
The ghostly deep elf sorcerer is destroyed!
The deep elf sorcerer points at you and mumbles some strange words.
The bolt of acid hits your six-headed hydra!!!
Your six-headed hydra dies!
Your six-headed hydra's corpse disappears in a puff of smoke!
The bolt of acid hits you!!!
You feel threatened and lose the ability to drink potions!
* * * LOW HITPOINT WARNING * * *
The acid corrodes you!
You focus your inner power and blind the deep elf sorcerer in retribution!
The ghostly deep elf master archer shoots an arrow.
The arrow hits you!
* * * LOW HITPOINT WARNING * * *
You hear a shout!
The ghostly deep elf master archer shoots an arrow.
The arrow hits you!!!
You die...

..............................'[.
.........)....................').
'##########'#####'###########'#..
..'..........#..)...).........##.
..#..........'......#........))##
..#..........#......#...........#
################.#############...
#.# #).. #@# #... #.# #... . #.#
. #... ... #)# ... #...
.....##§##..... #...
#....))e....# #... ##....e....##
#'## #..)\.....# #... #...†*..))#
#...


You could see a ghostly deep elf master archer and a deep elf sorcerer (blind).

Vanquished Creatures
  Jorgrun (Snake:1)
  Rupert (D:14)
  A kraken (Shoals:3)
  Polyphemus (Shoals:2)
  Agnes (D:14)
  Frances (D:14)
  4 tengu reavers
  A storm dragon (Elf:1)
  Ilsuiw (Shoals:4)
  A fire giant (Vaults:2)
  A frost giant (IceCv)
  A deep elf sorcerer (Elf:3)
  Louise (Elf:1)
  4 ironbound thunderhulks
  An ironbound preserver (Vaults:3)
  A deep elf elementalist (Elf:3)
  A deep elf demonologist (Elf:3)
  A dire elephant (Lair:5)
  7 merfolk javelineers (Shoals:4)
  Josephine (D:15)
  5 merfolk impalers
  A great orb of eyes (Vaults:3)
  A yaktaur captain (Vaults:3)
  A hydra (Lair:3)
  Fannar (D:11)
  Harold (Lair:1)
  2 peacekeepers (Desolation)
  4 merfolk avatars
  5 vault guards
  4 merfolk aquamancers
  3 naga warriors
  2 ironbound frosthearts
  6 boulder beetles
  3 catoblepae
  8 anacondas
  5 centaur warriors
  2 alligator snapping turtles
  4 two-headed ogres
  4 satyrs
  9 death yaks
  Urug (Lair:1)
  A thrashing horror (Lair:6)
  An orc high priest (Orc:2)
  3 dancing weapons
  5 shock serpents
  Nergalle (D:12)
  2 deep elf knights
  A shadow wraith (Shoals:3)
  12 sea snakes
  A wizard (Vaults:4)
  3 lindwurms (Vaults:2)
  5 harpies
  3 deep elf archers
  4 ironbound convokers
  Pikel (D:7)
  A naga ritualist (Snake:4)
  2 orc knights (Orc:2)
  A phantasmal warrior (D:14)
  3 deep elf pyromancers
  A necromancer (D:15)
  6 ugly things
  5 deep elf zephyrmancers
  6 orc sorcerers
  5 salamanders
  16 fauns
  12 manticores
  3 cyclopes
  7 merfolk sirens
  4 vault sentinels
  10 black mambas
  8 elephants
  14 water nymphs
  A human skeleton (Vaults:4)
  A guardian serpent (Snake:3)
  A torpor snail (Lair:1)
  A naga mage (Snake:4)
  4 cane toads
  5 yaktaurs
  5 komodo dragons
  An unseen horror (D:12)
  An ancient zyme (Lair:6)
  A wind drake (Shoals:1)
  11 polar bears
  2 meliai (Lair:3)
  10 trolls
  19 merfolk
  7 saltlings (Desolation)
  13 blink frogs
  3 slime creatures
  4 snapping turtles
  4 dream sheep
  2 air elementals
  A wyvern (Lair:2)
  A yak (shapeshifter) (D:14)
  30 yaks
  6 humans (D:14)
  2 water elementals
  Grum (D:11)
  2 fire elementals
  4 small abominations (Lair:6)
  A wraith (D:15)
  A warg (D:11)
  5 nagas
  2 water moccasins
  21 orc warriors
  4 ogres (Orc:1)
  A black bear (Lair:1)
  40 wolves
  A boggart (Vaults:4)
  10 centaurs
  A kobold brigand (D:8)
  A scorpion (Lair:1)
  8 bullfrogs
  16 killer bees
  9 electric eels
  6 howler monkeys
  4 centaur zombies
  2 hounds
  18 orc priests
  A gnoll shaman (D:8)
  32 orc wizards
  3 gnolls
  A dart slug (D:4)
  39 orcs
  2 endoplasms
  2 giant cockroaches (D:1)
  5 goblins
  7 hobgoblins
  A kobold (D:4)
  2 quokkas
  3 training dummies (Orc:1)
  A ball python (D:3)
  5 bats
  3 frilled lizards
  3 rats (D:3)
  2 tentacles (Shoals:3)
657 creatures vanquished.

Vanquished Creatures (collateral kills)
  2 deep elf blademasters (Elf:3)
  A deep elf master archer (Elf:3)
  3 sphinxes
  Kirke (D:15)
  6 nagarajas
  2 deep elf sorcerers (Elf:3)
  An iron dragon (Elf:1)
  A frost giant (Vaults:4)
  2 imperial myrmidons (Desolation)
  3 orc warlords
  10 vault wardens
  2 angels (Vaults:4)
  A deep elf elementalist (Elf:3)
  15 ironbound preservers
  9 very ugly things
  5 ironbound thunderhulks
  3 war gargoyles (Vaults:2)
  2 stone giants
  9 deep elf demonologists
  An entropy weaver (Vaults:1)
  2 halazid warlocks (Desolation)
  A dire elephant (Vaults:4)
  3 crystal guardians
  2 fire dragons
  4 deep elf death magi
  6 merfolk impalers
  10 yaktaur captains
  3 deep elf high priests
  16 ragged hierophants (Desolation)
  8 hydras
  5 servants of whispers (Desolation)
  4 great orbs of eyes
  A merfolk avatar (Shoals:3)
  4 salamander tyrants (Snake:4)
  12 naga warriors
  11 peacekeepers
  4 anacondas
  3 vault guards (Vaults:2)
  A two-headed ogre (D:12)
  5 ironbound frosthearts
  A catoblepas (Lair:5)
  A merfolk aquamancer (Shoals:2)
  7 dancing weapons
  A death yak (Lair:5)
  2 shock serpents (Snake:4)
  A thrashing horror (Lair:6)
  15 naga sharpshooters
  3 salamander mystics
  9 deep elf knights
  A skeletal warrior (D:15)
  A cherub (D:15)
  35 deep trolls
  7 naga ritualists
  6 deep elf archers (Elf:1)
  2 wizards
  2 phantasmal warriors
  17 ironbound convokers
  9 orc knights
  18 deep elf pyromancers
  11 lindwurms
  A faun (Shoals:2)
  6 mana vipers
  15 harpies
  A necromancer (Vaults:4)
  3 cyclopes
  A manticore (Shoals:4)
  22 deep elf zephyrmancers
  2 orc sorcerers (Elf:1)
  16 ugly things
  14 salamanders
  7 vault sentinels
  A moth of wrath (shapeshifter) (Lair:6)
  A merfolk siren (Lair:2)
  9 guardian serpents
  13 naga magi
  A molten gargoyle (Desolation)
  2 elephants (Lair:5)
  18 black mambas
  Maggie (Lair:1)
  12 cane toads
  A gargoyle (D:10)
  3 smoke demons (Lair:6)
  A yaktaur zombie (Vaults:4)
  12 nameless horrors
  5 rime drakes
  A human skeleton (Vaults:4)
  31 yaktaurs
  10 komodo dragons
  2 ancient zymes (Lair:6)
  A troll (D:12)
  A queen bee (Lair:3)
  A meliai (Lair:3)
  A merfolk (Shoals:1)
  A queen bee (shapeshifter) (Elf:1)
  A polar bear (Lair:6)
  54 saltlings (Desolation)
  4 dream sheep
  21 blink frogs
  25 slime creatures
  3 wind drakes
  3 snapping turtles
  2 large abominations (Lair:6)
  A vampire (D:12)
  16 yaks
  A shadow (D:10)
  A spriggan (Lair:6)
  14 water elementals
  A ynoxinul (Lair:6)
  4 air elementals (Elf:1)
  A fire bat (shapeshifter) (Elf:1)
  2 basilisks
  A chaos spawn (Lair:6)
  2 wyverns
  2 wraiths (D:15)
  A hog (D:15)
  A steam dragon (D:10)
  3 redbacks (Vaults:1)
  2 human zombies
  2 wargs (Orc:2)
  2 acid dragons
  40 nagas
  14 water moccasins
  A sky beast (D:6)
  12 orc warriors
  An ice beast (D:7)
  A black bear (D:5)
  A black bear (shapeshifter) (Lair:6)
  2 ogres
  3 boggarts (Vaults:4)
  6 wolves
  3 earth elementals (Elf:1)
  6 bullfrogs
  3 scorpions (D:5)
  6 small abominations (Lair:6)
  5 wights
  15 killer bees (Lair:3)
  An electric eel (Elf:3)
  2 bullfrog zombies
  4 howler monkeys
  2 jellies
  5 orc priests
  A centaur zombie (D:7)
  3 iguanas
  8 orc wizards
  A hell rat (Lair:3)
  2 hound skeletons (D:5)
  A howler monkey zombie (D:6)
  Robin (D:3)
  11 gnolls
  A river rat (Lair:3)
  6 adders
  A white imp (Vaults:1)
  An ufetubus (D:4)
  2 adder skeletons (D:4)
  3 worms
  4 dart slugs
  52 orcs
  2 ball pythons
  4 endoplasms
  2 giant cockroaches (D:2)
  11 goblins
  7 hobgoblins
  26 kobolds
  5 quokkas
  6 bats
  2 frilled lizards (D:2)
  A quokka skeleton (D:4)
  3 rats
1020 creatures vanquished.

Vanquished Creatures (others)
  91 eldritch tentacles
  A tengu reaver (Vaults:3)
  A nagaraja (Snake:4)
  A fire giant (D:14)
  2 caustic shrike zombies (D:15)
  An orc warlord (Vaults:2)
  An ice dragon (Elf:1)
  2 naga warriors (Snake:4)
  A salamander tyrant (Snake:3)
  A vault guard (D:14)
  A hydra (Lair:3)
  A two-headed ogre (D:9)
  2 anacondas (Snake:4)
  4 naga sharpshooters
  A death yak (IceCv)
  A cherub (D:15)
  A wizard (Vaults:4)
  A lindwurm (Vaults:1)
  An ironbound convoker (Vaults:2)
  A deep elf pyromancer (Elf:1)
  A tengu zombie (D:15)
  3 harpies
  A faun (Shoals:1)
  A guardian serpent (Snake:4)
  3 black mambas
  3 naga magi
  An unseen horror (D:9)
  A torpor snail (Lair:2)
  A yaktaur (Vaults:1)
  A rime drake (Lair:3)
  A guardian mummy (D:15)
  A polar bear (IceCv)
  2 trolls
  A hornet (D:5)
  3 nameless horrors
  2 slime creatures
  Sigmund (D:2)
  A wyvern (D:10)
  7 yaks
  A ynoxinul (Lair:6)
  2 humans (D:15)
  Edmund (D:4)
  3 nagas
  A water moccasin (Lair:3)
  3 orc warriors
  A boggart (Vaults:4)
  A bullfrog (Lair:3)
  A gnoll sergeant (D:9)
  4 killer bees
  A howler monkey (D:10)
  A bullfrog zombie (D:5)
  Crazy Yiuf (D:4)
  An iguana (D:6)
  An adder skeleton (D:4)
  3 orcs
  30 fungi
  239 plants
  5 tentacles
  11 withered plants
462 creatures vanquished.

Grand Total: 2139 creatures vanquished

Notes
Turn   | Place    | Note
-------+----------+-------------------------------------------
     0 | D:1      | quokkamancerX the Gnoll Summoner began the quest for the
                  | Orb.
     0 | D:1      | Reached XP level 1. HP: 13/13 MP: 6/6
   341 | D:1      | Reached XP level 2. HP: 19/19 MP: 4/7
   645 | D:1      | Learned a level 2 spell: Call Imp
  1402 | D:1      | Reached XP level 3. HP: 25/25 MP: 9/9
  1514 | D:1      | Found a faded altar of an unknown god.
  1571 | D:1      | Reached skill level 5 in Spellcasting
  1826 | D:2      | Noticed Sigmund
  1907 | D:2      | Learned a level 3 spell: Call Canine Familiar
  2006 | D:2      | Reached skill level 1 in Invocations
  2051 | D:2      | Found a sacrificial altar of Ru.
  2057 | D:2      | Became a worshipper of Ru the Awakened
  2293 | D:2      | Reached skill level 1 in Fighting
  2293 | D:2      | Reached skill level 1 in Short Blades
  2293 | D:2      | Reached skill level 1 in Long Blades
  2293 | D:2      | Reached skill level 1 in Axes
  2293 | D:2      | Reached skill level 1 in Maces & Flails
  2293 | D:2      | Reached skill level 1 in Polearms
  2293 | D:2      | Reached skill level 1 in Staves
  2293 | D:2      | Reached skill level 1 in Slings
  2293 | D:2      | Reached skill level 1 in Bows
  2293 | D:2      | Reached skill level 1 in Crossbows
  2293 | D:2      | Reached skill level 1 in Throwing
  2293 | D:2      | Reached skill level 1 in Armour
  2293 | D:2      | Reached skill level 1 in Shields
  2293 | D:2      | Reached skill level 1 in Unarmed Combat
  2293 | D:2      | Reached skill level 1 in Evocations
  2341 | D:2      | Reached XP level 4. HP: 32/32 MP: 8/11
  2612 | D:2      | Learned a level 3 spell: Summon Guardian Golem
  2634 | D:2      | Killed Sigmund
  2635 | D:2      | Reached skill level 1 in Conjurations
  2635 | D:2      | Reached skill level 1 in Hexes
  2635 | D:2      | Reached skill level 1 in Necromancy
  2635 | D:2      | Reached skill level 1 in Translocations
  2635 | D:2      | Reached skill level 1 in Transmutations
  2635 | D:2      | Reached skill level 1 in Fire Magic
  2635 | D:2      | Reached skill level 1 in Ice Magic
  2635 | D:2      | Reached skill level 1 in Air Magic
  2635 | D:2      | Reached skill level 1 in Earth Magic
  2635 | D:2      | Reached skill level 1 in Poison Magic
  2635 | D:2      | Reached XP level 5. HP: 27/38 MP: 3/12
  2635 | D:2      | Reached XP level 6. HP: 31/44 MP: 3/13
  2766 | D:3      | Found Aroiff's Distillery.
  2771 | D:3      | Bought a potion of heal wounds for 65 gold pieces
  2771 | D:3      | Bought a potion of curing for 39 gold pieces
  3278 | D:3      | Found Anis's Jewellery Shoppe.
  3370 | D:3      | Noticed Robin
  3380 | D:3      | Killed Robin
  3796 | D:3      | Reached skill level 5 in Dodging
  4268 | D:3      | Gained mutation: You cannot train Armour skill. [Ru
                  | sacrifice]
  4268 | D:3      | Reached * piety under Ru
  4652 | D:4      | Found a runed translucent door.
  4653 | D:4      | Noticed Crazy Yiuf
  4796 | D:4      | Noticed Edmund
  4834 | D:4      | Killed Edmund
  4835 | D:4      | Reached XP level 7. HP: 51/51 MP: 10/15
  4975 | D:4      | You fall into a shaft and drop 2 floors!
  5326 | D:6      | Identified the +0 pair of gloves of Okawaru's Pride {Harm
                  | rN+++ Dex-3}
  5466 | D:6      | Reached skill level 5 in Stealth
  5682 | D:6      | Reached XP level 8. HP: 57/57 MP: 11/16
  6445 | D:5      | Entered Level 5 of the Dungeon
  6531 | D:5      | Noticed a hornet
  6580 | D:5      | Found Hefysawa's Assorted Antiques.
  6592 | D:5      | Bought a scroll of identify for 30 gold pieces
  6592 | D:5      | Bought a scroll of identify for 30 gold pieces
  6592 | D:5      | Bought a scroll labelled ROTTYPS BIOPP for 15 gold pieces
  6592 | D:5      | Bought a pink potion for 13 gold pieces
  6592 | D:5      | Bought a puce potion for 13 gold pieces
  6592 | D:5      | Bought a large bone ring for 75 gold pieces
  6977 | D:5      | Killed a hornet
  7302 | D:5      | Found a runed translucent gate.
  7303 | D:5      | Found a runed translucent gate.
  7304 | D:5      | Found a runed translucent gate.
  7304 | D:5      | Found an opulent altar of Gozag.
  7307 | D:5      | Noticed trickyswaf's ghost (novice MiFi)
  7401 | D:5      | Found a staircase to the Ecumenical Temple.
  7459 | D:5      | Learned a level 4 spell: Summon Lightning Spire
  7629 | D:5      | Reached XP level 9. HP: 65/65 MP: 13/18
  7999 | D:4      | Gained mutation: You are missing an eye, making it more
                  | difficult to aim. [Ru sacrifice]
  7999 | D:4      | Reached ** piety under Ru
  8393 | D:4      | Killed Crazy Yiuf
  9179 | D:7      | Noticed Pikel
  9186 | D:7      | Killed Pikel
  9408 | D:7      | Reached skill level 5 in Invocations
  9632 | D:7      | Found a transporter.
  9684 | D:7      | Found a transporter.
 10162 | D:5      | Bought a jewelled ring mail for 135 gold pieces
 10162 | D:5      | Identified the +2 ring mail of Ennui {rPois} (You bought it
                  | in a shop on level 5 of the Dungeon)
 10240 | D:8      | Reached XP level 10. HP: 57/73 MP: 6/20
 10856 | D:8      | Reached skill level 5 in Fighting
 10856 | D:8      | Reached skill level 5 in Short Blades
 10856 | D:8      | Reached skill level 5 in Long Blades
 10856 | D:8      | Reached skill level 5 in Axes
 10856 | D:8      | Reached skill level 5 in Maces & Flails
 10856 | D:8      | Reached skill level 5 in Polearms
 10856 | D:8      | Reached skill level 5 in Staves
 10856 | D:8      | Reached skill level 5 in Slings
 10856 | D:8      | Reached skill level 5 in Bows
 10856 | D:8      | Reached skill level 5 in Crossbows
 10856 | D:8      | Reached skill level 5 in Throwing
 10856 | D:8      | Reached skill level 5 in Shields
 10856 | D:8      | Reached skill level 5 in Unarmed Combat
 10856 | D:8      | Reached skill level 5 in Evocations
 11583 | D:8      | Found a glowing golden altar of the Shining One.
 11926 | D:9      | Noticed a boulder beetle
 12400 | D:9      | Noticed a two-headed ogre
 12409 | D:9      | Killed a two-headed ogre
 13227 | D:9      | Killed an unseen horror
 13250 | D:9      | Reached XP level 11. HP: 81/81 MP: 16/22
 13986 | D:9      | Killed a boulder beetle
 14269 | D:10     | Entered Level 10 of the Dungeon
 14307 | D:10     | Reached skill level 5 in Conjurations
 14307 | D:10     | Reached skill level 5 in Hexes
 14307 | D:10     | Reached skill level 5 in Necromancy
 14307 | D:10     | Reached skill level 5 in Translocations
 14307 | D:10     | Reached skill level 5 in Transmutations
 14307 | D:10     | Reached skill level 5 in Fire Magic
 14307 | D:10     | Reached skill level 5 in Ice Magic
 14307 | D:10     | Reached skill level 5 in Air Magic
 14307 | D:10     | Reached skill level 5 in Earth Magic
 14307 | D:10     | Reached skill level 5 in Poison Magic
 14609 | D:10     | Found a flagged portal.
 14614 | Bailey   | Entered a bailey
 14683 | Bailey   | Gained mutation: You are missing a hand. [Ru sacrifice]
 14683 | Bailey   | Reached *** piety under Ru
 14683 | Bailey   | Reached **** piety under Ru
 14683 | Bailey   | Reached ***** piety under Ru
 15003 | Bailey   | Identified the +8 hunting sling of the People {flame,
                  | Str+3}
 15573 | D:10     | Identified the +7 whip "Beggue" {vorpal, rN++ Dex-5}
 16006 | D:11     | Found a staircase to the Lair.
 16033 | D:11     | Noticed Grum
 16041 | D:10     | Learned a level 4 spell: Olgreb's Toxic Radiance
 16045 | D:10     | Learned a level 3 spell: Ignite Poison
 16164 | D:11     | Noticed Fannar
 16171 | D:11     | Killed Grum
 16173 | D:11     | Killed Fannar
 16759 | D:11     | Found a staircase to the Orcish Mines.
 16920 | D:11     | Noticed a two-headed ogre
 16938 | D:11     | Killed a two-headed ogre
 17612 | D:11     | Noticed a boulder beetle
 17646 | D:11     | Killed a boulder beetle
 17730 | D:11     | Noticed a two-headed ogre
 17740 | D:11     | Killed a two-headed ogre
 17741 | D:11     | Reached XP level 12. HP: 89/89 MP: 10/24
 17948 | Lair:1   | Entered Level 1 of the Lair of Beasts
 18695 | Lair:1   | Noticed Maggie
 18707 | Lair:1   | Killed Maggie
 18895 | Lair:1   | Noticed Urug
 19083 | Lair:1   | Noticed Harold
 19094 | Lair:1   | Killed Urug
 19099 | Lair:1   | Killed Harold
 20507 | Lair:2   | Found a staircase to the Shoals.
 20916 | Lair:2   | Reached XP level 13. HP: 90/98 MP: 19/26
 21604 | Lair:3   | Identified the +0 scale mail "Ykkuyrea" {rCorr Str+5}
 21669 | Lair:3   | Found a staircase to the Snake Pit.
 22099 | Lair:3   | Reached skill level 10 in Summonings
 23543 | Lair:3   | Reached skill level 10 in Spellcasting
 23662 | Lair:4   | Found a frozen archway.
 23672 | IceCv    | Entered an ice cave
 24535 | IceCv    | Reached skill level 10 in Dodging
 24535 | IceCv    | Reached XP level 14. HP: 95/106 MP: 17/28
 25114 | IceCv    | Noticed a frost giant
 25118 | IceCv    | Reached skill level 10 in Stealth
 25127 | IceCv    | Killed a frost giant
 25260 | IceCv    | Identified the +7 dire flail of Heosugeq {flame, rC+ rN+
                  | Str+4 Int+2}
 25457 | IceCv    | Got Sif Muna's Disquisition on Toxins and Conjuration
 25724 | Lair:4   | Reached skill level 10 in Invocations
 27283 | Lair:5   | Gained mutation: You sometimes lose the ability to drink
                  | potions when taking damage. [Ru sacrifice]
 27428 | Lair:5   | Noticed a dire elephant
 27450 | Lair:5   | Killed a dire elephant
 28288 | Lair:5   | Identified the +2 pair of boots of the Midnight Sun {rElec
                  | SInv}
 28482 | Lair:5   | Learned a level 4 spell: Summon Ice Beast
 28483 | Lair:6   | Entered Level 6 of the Lair of Beasts
 29690 | Lair:6   | Reached XP level 15. HP: 115/115 MP: 26/29
 30989 | Lair:6   | Reached skill level 10 in Fighting
 30989 | Lair:6   | Reached skill level 10 in Short Blades
 30989 | Lair:6   | Reached skill level 10 in Long Blades
 30989 | Lair:6   | Reached skill level 10 in Axes
 30989 | Lair:6   | Reached skill level 10 in Maces & Flails
 30989 | Lair:6   | Reached skill level 10 in Polearms
 30989 | Lair:6   | Reached skill level 10 in Staves
 30989 | Lair:6   | Reached skill level 10 in Slings
 30989 | Lair:6   | Reached skill level 10 in Crossbows
 30989 | Lair:6   | Reached skill level 10 in Throwing
 30989 | Lair:6   | Reached skill level 10 in Unarmed Combat
 30989 | Lair:6   | Reached skill level 10 in Evocations
 31209 | Lair:6   | Found a one-way gate to the infinite horrors of the Abyss.
 31209 | Lair:6   | Found a corrupted altar of Lugonu.
 31287 | Lair:6   | Identified the +6 dagger of the Lurker {speed, Fragile
                  | Str+3 Int+5}
 31291 | Lair:6   | Identified the ring of Pavueph {rPois EV+4 Str-4 Dex+3
                  | Slay+6}
 31792 | Lair:6   | Found a viscous altar of Jiyva.
 31792 | Lair:6   | Found a staircase to the Slime Pits.
 32083 | Lair:6   | Gained mutation: You are weak. (Str -2) [Ru sacrifice]
 32083 | Lair:6   | Reached ****** piety under Ru
 32616 | D:12     | Found a blossoming altar of Fedhas.
 33692 | D:12     | Noticed Nergalle
 33704 | D:12     | Killed Nergalle
 34150 | Orc:1    | Entered Level 1 of the Orcish Mines
 34150 | Orc:1    | Found Pownip Koip's Book Shoppe.
 35238 | Orc:1    | Found Wawiudimp's Firing Range.
 35384 | Orc:2    | Entered Level 2 of the Orcish Mines
 35384 | Orc:2    | Found a staircase to the Elven Halls.
 35674 | Orc:2    | Found a flickering gateway to a bazaar.
 35683 | Bazaar   | Entered a bazaar
 35688 | Bazaar   | Found Ostru Sih's General Store.
 35689 | Bazaar   | Found Xebem's Antique Weapon Emporium.
 35703 | Bazaar   | Found Zeokedgh's Assorted Antiques.
 35703 | Bazaar   | Found Cojoobabb's Weapon Boutique.
 35723 | Bazaar   | Found Dunoclik's Jewellery Shoppe.
 35748 | Bazaar   | Found Weugom's General Store.
 35832 | Bazaar   | Bought a scroll of enchant armour for 135 gold pieces
 35839 | Bazaar   | Bought the ring of Neurosis {rF+ rC+ rN+} for 345 gold
                  | pieces
 35839 | Bazaar   | Bought a potion of heal wounds for 40 gold pieces
 35863 | Bazaar   | Bought a potion of haste for 140 gold pieces
 35863 | Bazaar   | Bought a potion of curing for 42 gold pieces
 35863 | Bazaar   | Bought a potion of curing for 42 gold pieces
 38065 | Orc:2    | Found Adotoil's Book Shop.
 38065 | Orc:2    | Found Betik's Armour Boutique.
 38065 | Orc:2    | Found Xaiwn's General Store.
 38068 | Orc:2    | Found Tupnacli's Jewellery Boutique.
 38963 | Orc:1    | Bought a book of the Spheres for 918 gold pieces
 39007 | Orc:2    | Bought the amulet of Greed {RegenMP rC+ Stlth+} for 655
                  | gold pieces
 39028 | Orc:2    | Learned a level 5 spell: Fireball
 39961 | D:14     | Reached XP level 16. HP: 123/123 MP: 19/31
 40201 | D:14     | Found a gate to the Vaults.
 40252 | D:14     | Noticed Agnes
 40263 | D:14     | Killed Agnes
 40611 | D:14     | Found an iron altar of Okawaru.
 40643 | D:14     | Reached XP level 17. HP: 130/130 MP: 32/32
 40863 | D:14     | Noticed Rupert
 40868 | D:14     | Killed Rupert
 40939 | D:14     | Noticed Frances
 40946 | D:14     | Killed Frances
 41071 | D:14     | Found a runed translucent door.
 41071 | D:14     | Noticed a sphinx
 41810 | D:14     | Identified the +8 flail "Izust" {freeze, Will+ SInv}
 41811 | D:14     | Identified the amulet "Ytwamiwn" {Harm rF- Regen+ Int+6}
 41813 | D:14     | Identified the -1 cloak of Autumn {-Cast *Corrode Will+
                  | Regen+ Dex+5}
 41915 | D:14     | Found a portal to a secret trove of treasure.
 41988 | D:15     | Entered Level 15 of the Dungeon
 42289 | D:14     | Killed a sphinx
 42486 | D:15     | Noticed Kirke
 42507 | D:15     | Killed Kirke
 43012 | D:15     | Noticed Josephine
 43017 | D:15     | Killed Josephine
 44000 | D:15     | Found a staircase to the Depths.
 44977 | Shoals:1 | Entered Level 1 of the Shoals
 46069 | Shoals:1 | Identified the +5 chain mail "Huitoecw" {Dex+3}
 46168 | Shoals:1 | Reached XP level 18. HP: 138/138 MP: 19/34
 46779 | Shoals:2 | Noticed Polyphemus
 46788 | Shoals:2 | Killed Polyphemus
 47567 | Shoals:2 | Reached skill level 10 in Conjurations
 47567 | Shoals:2 | Reached skill level 10 in Hexes
 47567 | Shoals:2 | Reached skill level 10 in Necromancy
 47567 | Shoals:2 | Reached skill level 10 in Translocations
 47567 | Shoals:2 | Reached skill level 10 in Transmutations
 47567 | Shoals:2 | Reached skill level 10 in Fire Magic
 47567 | Shoals:2 | Reached skill level 10 in Ice Magic
 47567 | Shoals:2 | Reached skill level 10 in Air Magic
 47567 | Shoals:2 | Reached skill level 10 in Earth Magic
 47567 | Shoals:2 | Reached skill level 10 in Poison Magic
 49638 | Shoals:3 | Learned a level 2 spell: Passwall
 50114 | Snake:1  | Entered Level 1 of the Snake Pit
 50711 | Snake:1  | Noticed Jorgrun
 50717 | Snake:1  | Killed Jorgrun
 50987 | Snake:2  | Found Mojip's Antique Armour Boutique.
 50994 | Snake:2  | Identified the +8 hand axe of Balance {pain, *Slow rPois
                  | rF+ Str+2}
 54034 | Snake:3  | Found Rerphe Ebat's Distillery.
 54714 | Snake:3  | Reached XP level 19. HP: 137/138 MP: 26/36
 55727 | Snake:3  | Found Kenel's One-of-a-Kind Rings.
 55894 | Snake:3  | Found Asiuscho's Book Emporium.
 55895 | Snake:3  | Found Cuaheqin's Jewellery Boutique.
 55896 | Snake:3  | Found Umour's Book Emporium.
 56038 | Snake:3  | Bought a book of Blood for 392 gold pieces
 56042 | Snake:3  | Bought a Grand Grimoire for 476 gold pieces
 56520 | Snake:3  | Identified the +0 robe "Peuczy" {Fly rElec Regen+}
 56719 | Snake:2  | Bought a colourful robe for 210 gold pieces
 56719 | Snake:2  | Identified the +1 robe of Tante {rC+ rN+} (You bought it in
                  | a shop on level 2 of the Snake Pit)
 57103 | Shoals:4 | Entered Level 4 of the Shoals
 57204 | Shoals:4 | Noticed Ilsuiw
 58009 | Shoals:4 | Found Ilag's CLEARANCE SALE!.
 58611 | Shoals:4 | Killed Ilsuiw
 59375 | Shoals:4 | Got Kotem's Guide on Earth and Translocation
 59844 | Shoals:4 | Identified the +9 halberd of Hesuoq Vaynn {freeze, Str+5
                  | Dex+2}
 59998 | Shoals:4 | Bought a potion of curing for 9 gold pieces
 59998 | Shoals:4 | Bought a potion of curing for 9 gold pieces
 60064 | Shoals:4 | Got a barnacled rune of Zot
 60313 | Snake:4  | Entered Level 4 of the Snake Pit
 63439 | Snake:4  | Reached XP level 20. HP: 93/156 MP: 23/38
 63625 | Snake:4  | Learned a level 7 spell: Summon Hydra
 65732 | Snake:4  | Got a serpentine rune of Zot
 66366 | D:14     | Learned a level 7 spell: Malign Gateway
 66369 | Vaults:1 | Entered Level 1 of the Vaults
 67299 | Vaults:1 | Found a transporter.
 67301 | Vaults:1 | Noticed Faydane's ghost (veteran HuFi)
 67304 | Vaults:1 | Found a transporter.
 70070 | Vaults:2 | Reached skill level 15 in Invocations
 70088 | Vaults:2 | Reached XP level 21. HP: 164/164 MP: 22/39
 72724 | Vaults:2 | Reached skill level 15 in Spellcasting
 74058 | Vaults:3 | Paralysed by a great orb of eyes for 3 turns
 74504 | Vaults:3 | Found a staircase to the Crypt.
 75084 | Vaults:3 | Reached skill level 15 in Dodging
 76216 | Vaults:4 | Reached skill level 15 in Stealth
 76272 | Vaults:4 | Found a white marble altar of Elyvilon.
 76272 | Vaults:4 | Found a glowing golden altar of the Shining One.
 76273 | Vaults:4 | Found a crumbling gateway.
 76274 | Vaults:4 | Found a glowing silver altar of Zin.
 76339 | Desolati | Entered the Desolation of Salt
 76400 | Desolati | Found the +3 hat of Pondering {ponderous, Will+ MP+10
                  | Int+5}
 76507 | Desolati | Identified the ring "Juthriwa" {Int+6 Dex+2}
 76840 | Desolati | Identified the amulet "Zauhaol" {Spirit Str+2}
 76934 | Desolati | Reached XP level 22. HP: 169/173 MP: 35/41
 77093 | Desolati | Identified the ring of the Sturgeon {Fly rF+++ MP+9 Str-2
                  | Int+6}
 77934 | Desolati | Got Afeiprin's Grimoire of Glacial Darkness
 78434 | Desolati | Got Xiepanga's Almanac of Entrancing Dislocation
 79538 | Desolati | Identified the +1 leather armour of Koumoqi {Rampage rF+
                  | Int+3 Dex+2}
 82202 | Vaults:4 | Reached skill level 15 in Fighting
 82202 | Vaults:4 | Reached skill level 15 in Short Blades
 82202 | Vaults:4 | Reached skill level 15 in Long Blades
 82202 | Vaults:4 | Reached skill level 15 in Axes
 82202 | Vaults:4 | Reached skill level 15 in Maces & Flails
 82202 | Vaults:4 | Reached skill level 15 in Polearms
 82202 | Vaults:4 | Reached skill level 15 in Staves
 82202 | Vaults:4 | Reached skill level 15 in Slings
 82202 | Vaults:4 | Reached skill level 15 in Crossbows
 82202 | Vaults:4 | Reached skill level 15 in Throwing
 82202 | Vaults:4 | Reached skill level 15 in Unarmed Combat
 82202 | Vaults:4 | Reached skill level 15 in Evocations
 83343 | Elf:1    | Entered Level 1 of the Elven Halls
 83843 | Elf:1    | Found Zuuxtufe's Assorted Antiques.
 83904 | Elf:1    | Bought a scroll labelled PUMYOMEDAI for 20 gold pieces
 83904 | Elf:1    | Bought a scroll labelled PUMYOMEDAI for 20 gold pieces
 83935 | Elf:1    | Noticed Louise
 83937 | Elf:1    | Killed Louise
 83949 | Elf:1    | Found Zogul's Armour Shop.
 84407 | Elf:1    | Found Ezxoh's Distillery.
 84410 | Elf:1    | Found Irul's General Store.
 84410 | Elf:1    | Found Fiusk's Jewellery Shop.
 84415 | Elf:1    | Found Ixkoorug's Jewellery Boutique.
 84760 | Elf:1    | Found Eponouh's Distillery.
 84794 | Elf:1    | Paralysed by an air elemental for 1 turns
 85803 | Elf:1    | Reached XP level 23. HP: 170/181 MP: 42/42
 86188 | Elf:1    | Found a runed translucent gate.
 86188 | Elf:1    | Found a runed translucent gate.
 86188 | Elf:1    | Found a runed translucent gate.
 86351 | Elf:1    | Found Senisusch's Weapon Shop.
 86357 | Elf:1    | Paralysed by an air elemental for 1 turns
 86463 | Elf:1    | Paralysed by an air elemental for 1 turns
 86468 | Elf:1    | Found Saeno's Assorted Antiques.
 86701 | Elf:1    | Found a runed translucent gate.
 86701 | Elf:1    | Found a runed translucent gate.
 86701 | Elf:1    | Found a runed translucent gate.
 87557 | Elf:2    | Paralysed by an air elemental for 1 turns
 87959 | Elf:2    | Found a runed translucent gate.
 87969 | Elf:2    | Found a runed translucent gate.
 87971 | Elf:2    | Found a runed translucent gate.
 88412 | Elf:3    | Entered Level 3 of the Elven Halls
 89998 | Elf:3    | Identified the +0 leather armour "Raxi" {Rampage Will+
                  | Str+2 Stlth+}
 90038 | Elf:3    | HP: 5/164 [deep elf death mage/bolt of negative energy
                  | (28)]
 90623 | Elf:3    | Shot with an arrow by a ghostly deep elf master archer

Illustrated notes

Levels and vault maps discovered:
D:1:      dpeg_arrival_rhombi, layout_loops_ring,
          shapermc_ecumenical_altar_mp_ritualfount, eino_curves_04
D:2:      layout_rooms, basic_altar, uniq_sigmund
D:3:      layout_basic, serial_shops, shop_fountains,
          nicolae_shop_hallway_stairs, uniq_robin
D:4:      layout_gridville, uniq_crazy_yiuf_cottage, uniq_edmund
D:5:      layout_cave_pools, minmay_temple_entry_waves, serial_shops,
          nicolae_shop_overgrown_old_shop, ebering_ghost_gozag
D:6:      layout_layer_cave
D:7:      gammafunk_cloud_chamber, layout_basic, grunt_tough_drop, uniq_pikel
D:8:      layout_rooms, tso_oasis_becter, hangedman_decor_points
D:9:      layout_roguey [special_room_orc], minmay_lizard_king
D:10:     layout_loops_cross, enter_bailey_3
D:11:     layout_basic, lair_entry_dummy, erik_orc_2,
          nicolae_elevator_lobby_asterisk, uniq_grum, uniq_fannar
D:12:     layout_basic, fedhas_altar_1, uniq_nergalle
D:13:     layout_cave_pools
D:14:     minmay_gate_of_8, layout_irregular_city, ximxim_vaults_locker_room,
          nicolae_trove_entry_crystal, hangedman_decor_lopped,
          okawaru_gym_becter, uniq_frances, uniq_agnes, uniq_rupert
D:15:     gammafunk_depths_entry_grave, layout_loops_corners,
          nrook_mini_backslash, fountainhead, pf_eden, uniq_josephine,
          uniq_kirke
Lair:1:   layout_chaotic_city, guppyfry_lair_drakes, uniq_maggie, uniq_harold,
          uniq_urug
Lair:2:   layout_chaotic_city, elwin_shoals_entry_rooms
Lair:3:   regret_index_combs_of_tragedy, layout_cave_shapes, dummy_snake_entry
Lair:4:   layout_regular_city, portal_ice_cave_entry_pillars_1,
          grunt_megastairs_1
Lair:5:   layout_layer_cave, nicolae_lair_grazing_beasts
          [nicolae_sub_lair_graze_edge, nicolae_sub_lair_graze_edge,
          nicolae_sub_lair_graze_edge, nicolae_sub_lair_graze_edge]
Lair:6:   hellmonk_lair_end_abyssal_woods, layout_layer_cave,
          dpeg_slime_entry_enclosed_altar, st_stairs_3
Shoals:1: layout_shoals, nicolae_shoals_nymph_descending_staircase
Shoals:2: layout_shoals, uniq_polyphemus
Shoals:3: layout_shoals, nicolae_shoals_hidden_pirate_stash
Shoals:4: shoals_end_grunt_ice, layout_shoals, shoals_ilsuiw_ice,
          nicolae_shop_clearance
Snake:1:  layout_cave_shapes, uniq_jorgrun
Snake:2:  layout_gridlike, serial_shops, nicolae_stop_n_shop_1, serial_curves,
          eino_curves_04, eino_curves_04, eino_curves_01, eino_curves_04
Snake:3:  layout_basic, serial_shops, nicolae_stop_n_shop_1,
          nicolae_shop_unique_rings, minmay_shop_grove
Snake:4:  grunt_snake_rune_serpentine_throne, layout_cave_town
Orc:1:    layout_caves, serial_shops, nicolae_shop_stone,
          nicolae_shop_firing_range
Orc:2:    st_orc_mages, layout_diamond_mine, serial_shops, bzr_in_the_mist,
          mines_bat_river
Elf:1:    eino_elf_arrival_the_gate, layout_geoelf_octagon, serial_shops,
          nicolae_shop_advertising_works [nicolae_subvault_shop_adworks],
          nicolae_square_shop, nicolae_shop_behind_doors, nicolae_square_shop,
          shop, hangedman_corner_corridor, orc_legates, minmay_shoptagon,
          uniq_louise
Elf:2:    nicolae_elf_blades_splatter_lattice
          [nicolae_blade_entry_crossed_weapons], layout_onion_city,
          grunt_ministairs_5
Elf:3:    elf_hall, layout_geoelf_castle
Vaults:1: gammafunk_ghost_mausoleum, nicolae_vaults_puzzle_piece, v_rooms_4,
          vaults_dpeg_doors, vaults_room_boxed, nicolae_vaults_network_s,
          serial_ice_b, hangedman_vaults_restitches, v_misc_27,
          ontoclasm_vaults_twist, layout_vaults_omnibox
Vaults:2: hangedman_vaults_impose, ontoclasm_vaults_gateway,
          hangedman_vaults_slither, nicolae_vaults_c_with_doors,
          ontoclasm_vaults_loading_screen, nicolae_vaults_stairing_the_circle,
          v_misc_10, ontoclasm_vaults_ring_square, ontoclasm_vaults_ligature,
          nicolae_vaults_little_squares_1, layout_vaults_maze
Vaults:3: v_alt_pattern_3, hangedman_vaults_locks, v_pattern_1,
          vaults_room_grid, nicolae_vaults_asterisk, ontoclasm_vaults_chip,
          layout_vaults_omnigrid
Vaults:4: portal_desolation_entry_holy_temple, st_octagons_2, vaults_room_pools,
          vaults_dpeg_diagonal, hangedman_vaults_nails, v_rooms_4,
          hangedman_vaults_snaps, vaults_mumra_hex, v_rooms_5,
          hangedman_vaults_corner, serial_ice_h, layout_vaults_big_room

Skill      XL: |  1  2  3  4  5  6  7  8  9 10 11 12 13 14 15 16 17 18 19 20 21 22 23 |
---------------+----------------------------------------------------------------------+-----
Spellcasting   | 5 6 7 8 9 10 11 12 13 14 15 16 | 16.2
Invocations    | 1 2 3 4 5 6 7 8 9 10 11 12 13 14 15 16 | 16.7
Fighting       | 1 2 3 4 5 6 7 8 9 10 11 12 13 14 15 | 15.4
Short Blades   | 1 2 3 4 5 6 7 8 9 10 11 12 13 14 15 | 15.4
Long Blades    | 1 2 3 4 5 6 7 8 9 10 11 12 13 14 15 | 15.4
Axes           | 1 2 3 4 5 6 7 8 9 10 11 12 13 14 15 | 15.4
Maces & Flails | 1 2 3 4 5 6 7 8 9 10 11 12 13 14 15 | 15.4
Polearms       | 1 2 3 4 5 6 7 8 9 10 11 12 13 14 15 | 15.4
Staves         | 1 2 3 4 5 6 7 8 9 10 11 12 13 14 15 | 15.4
Slings         | 1 2 3 4 5 6 7 8 9 10 11 12 13 14 15 | 15.4
Bows           | 1 2 3 4 5 0 |  0.0
Crossbows      | 1 2 3 4 5 6 7 8 9 10 11 12 13 14 15 | 15.4
Throwing       | 1 2 3 4 5 6 7 8 9 10 11 12 13 14 15 | 15.4
Armour         | 1 0 |  0.0
Shields        | 1 2 3 4 5 0 |  0.0
Unarmed Combat | 1 2 3 4 5 6 7 8 9 10 11 12 13 14 15 | 15.4
Evocations     | 1 2 3 4 5 6 7 8 9 10 11 12 13 14 15 | 15.4
Conjurations   | 1 2 3 4 5 6 7 8 9 10 11 12 13 | 13.1
Hexes          | 1 2 3 4 5 6 7 8 9 10 11 12 13 | 13.1
Necromancy     | 1 2 3 4 5 6 7 8 9 10 11 12 13 | 13.1
Translocations | 1 2 3 4 5 6 7 8 9 10 11 12 13 | 13.1
Transmutations | 1 2 3 4 5 6 7 8 9 10 11 12 13 | 13.1
Fire Magic     | 1 2 3 4 5 6 7 8 9 10 11 12 13 | 13.1
Ice Magic      | 1 2 3 4 5 6 7 8 9 10 11 12 13 | 13.1
Air Magic      | 1 2 3 4 5 6 7 8 9 10 11 12 13 | 13.1
Earth Magic    | 1 2 3 4 5 6 7 8 9 10 11 12 13 | 13.1
Poison Magic   | 1 2 3 4 5 6 7 8 9 10 11 12 13 | 13.1
Dodging        | 5 6 7 8 9 10 11 12 13 14 15 16 | 16.0
Stealth        | 5 6 7 8 9 10 11 12 13 14 15 16 | 16.0
Summonings     | 8 9 10 11 12 13 14 | 14.8

Action                   |  1- 3 |  4- 6 |  7- 9 | 10-12 | 13-15 | 16-18 | 19-21 | 22-24 || total
-------------------------+-------+-------+-------+-------+-------+-------+-------+-------++-------
Melee: Unarmed           |    12 |       |       |       |       |       |       |       ||    12
       Bite              |    11 |     7 |     4 |    31 |    29 |    10 |    71 |    66 ||   229
       Short sword       |    75 |    31 |       |       |       |       |       |       ||   106
       Punch             |     1 |     2 |     3 |     2 |       |       |       |       ||     8
       Dagger            |       |    24 |    69 |    62 |   100 |   107 |   456 |   476 ||  1294
       Rapier            |       |       |       |   160 |       |       |       |       ||   160
       Scimitar          |       |       |       |    12 |   238 |       |       |       ||   250
 Fire: Hunting sling     |       |       |       |    71 |       |       |       |       ||    71
Throw: Dart              |       |       |       |     1 |       |       |       |       ||     1
       Javelin           |       |       |       |     1 |       |       |       |       ||     1
 Cast: Summon Small Mamm |    26 |    10 |    17 |    16 |     3 |       |       |       ||    72
       Call Imp          |     4 |     6 |    18 |    27 |    13 |    15 |    31 |       ||   114
       Call Canine Famil |     5 |    15 |    32 |    64 |    59 |    35 |    33 |       ||   243
       Summon Guardian G |       |     3 |     8 |    29 |    16 |    23 |    23 |     1 ||   103
       Summon Lightning  |       |       |     9 |    67 |   114 |    97 |   127 |       ||   414
       Olgreb's Toxic Ra |       |       |       |    25 |   175 |   119 |    55 |       ||   374
       Ignite Poison     |       |       |       |    22 |   219 |   212 |   114 |       ||   567
       Summon Ice Beast  |       |       |       |       |    39 |    52 |    44 |       ||   135
       Fireball          |       |       |       |       |       |    15 |     1 |       ||    16
       Passwall          |       |       |       |       |       |     2 |       |       ||     2
       Summon Hydra      |       |       |       |       |       |       |   195 |   196 ||   391
       Malign Gateway    |       |       |       |       |       |       |    43 |    49 ||    92
Invok: Sacrifice Durabil |       |     1 |       |       |       |       |       |       ||     1
       Sacrifice an Eye  |       |       |     1 |       |       |       |       |       ||     1
       Sacrifice a Hand  |       |       |       |     1 |       |       |       |       ||     1
       Reject Sacrifices |       |       |       |     1 |       |       |       |       ||     1
       Draw Out Power    |       |       |       |       |     1 |       |       |       ||     1
       Sacrifice Drink   |       |       |       |       |     1 |       |       |       ||     1
       Sacrifice Purity  |       |       |       |       |     1 |       |       |       ||     1
       Power Leap        |       |       |       |       |       |     1 |     2 |     2 ||     5
       Apocalypse        |       |       |       |       |       |     2 |     3 |     1 ||     6
Evoke: Wand              |       |       |     4 |     5 |     1 |     7 |       |       ||    17
  Use: Scroll            |       |     4 |     5 |    12 |     6 |     4 |     6 |    12 ||    49
       Potion            |       |       |       |     3 |     2 |     2 |     1 |       ||     8
 Stab: Sleeping          |     3 |     2 |       |       |       |     3 |    18 |    15 ||    41
       Distracted        |       |       |     1 |     6 |    13 |       |     9 |     5 ||    34
       Invisible         |       |       |     1 |       |     1 |     1 |     3 |     4 ||    10
       Paralysed         |       |       |       |       |     1 |     1 |     6 |     1 ||     9
       Betrayed ally     |       |       |       |       |       |     2 |       |       ||     2
       Confused          |       |       |       |       |       |       |     1 |       ||     1
Armor: Robe              |    24 |    12 |    10 |       |       |       |    57 |    85 ||   188
       Ring mail         |       |       |     1 |   156 |   192 |   110 |    79 |       ||   538
Dodge: Dodged            |    81 |    38 |    43 |   256 |   357 |   179 |   271 |   268 ||  1493
Block: Buckler           |       |       |       |    29 |       |       |       |       ||    29
